 Dungeon Crawl Stone Soup version 0.25.1-8-g42b30a86e7 (webtiles) character file.

Game seed: 16098289392560669993

48 DildoBatman the Magician (level 4, 0/30 HPs)
             Began as a Formicid Wizard on Dec 19, 2020.
             Slain by a worker ant (5 damage)
             ... on level 4 of the Dungeon.
             The game lasted 00:05:19 (2086 turns).

DildoBatman the Magician (Formicid Wizard)          Turns: 2086, Time: 00:05:19

Health: 0/30       AC:  2    Str: 12    XL:     4   Next: 0%
Magic:  2/8        EV: 12    Int: 18    God:
Gold:   72         SH:  0    Dex:  9    Spells: 2/9 levels left

rFire    . . .     SeeInvis +   a - +0 mace
rCold    . . .     Gourm    .   (no shield)
rNeg     . . .     Faith    .   e - +0 robe
rPois    .         Spirit   .   (helmet unavailable)
rElec    .         Reflect  .   (no cloak)
rCorr    .         Harm     .   (no gloves)
MR       .....                  (no boots)
Stlth    ++........             (no amulet)
HPRegen  0.10/turn              (no ring)
MPRegen  0.11/turn              (no ring)

@: lethally poisoned (0 -> -4), very slightly contaminated
A: permanent stasis, dig shafts and tunnels, four strong arms, antennae 3
a: Dig, Shaft Self


You were on level 4 of the Dungeon.
You were not hungry.

You visited 1 branch of the dungeon, and saw 3 of its levels.

You collected 72 gold pieces.

Inventory:

Hand Weapons
 a - a +0 mace (weapon)
Missiles
 c - 25 bolts
 g - 72 stones (quivered)
 p - 45 sling bullets
 t - 18 arrows
Armour
 e - a +0 robe (worn)
Jewellery
 w - an uncursed ring of ice
Scrolls
 b - a scroll of identify {unknown}
 d - a scroll of amnesia {unknown}
 k - 4 scrolls of enchant weapon {unknown}
 l - 2 scrolls of enchant armour {unknown}
 n - a scroll of remove curse {unknown}
 o - a scroll of random uselessness {unknown}
 q - a scroll of immolation {unknown}
 s - a scroll of fear {unknown}
Potions
 f - a potion of heal wounds {unknown}
 h - a potion of might {unknown}
 i - 2 potions of flight {unknown}
 j - a potion of resistance {unknown}
 m - a potion of degeneration {unknown}
 r - a potion of stabbing {unknown}
Comestibles
 u - 2 chunks of flesh
 v - 4 rations


   Skills:
 - Level 1.7 Dodging
 - Level 2.4 Stealth
 - Level 3.2 Spellcasting
 * Level 3.1 Conjurations
   Level 1.0 Summonings
   Level 0.8 Translocations


You had 2 spell levels left.
You knew the following spells:

 Your Spells              Type           Power        Failure   Level  Hunger
a - Conjure Flame         Conj/Fire      #.......     26%         3    ###....
c - Magic Dart            Conj           ##..         4%          1    None
e - Mephitic Cloud        Conj/Pois/Air  #.......     30%         3    ###....

Your spell library contained the following spells:

 Spells                   Type           Power        Failure   Level  Hunger
 Call Imp                 Summ           #.......     16%         2    ##.....
 Slow                     Hex            #.......     24%         2    ##.....
 Blink                    Tloc           Unusable     N/A         2    N/A

Dungeon Overview and Level Annotations

Branches:
Dungeon (2/15)

Altars:


Innate Abilities, Weirdness & Mutations

You cannot be hasted, slowed, berserked, paralysed or teleported.
You can dig through walls and to a lower floor.
Your four strong arms can wield two-handed weapons with a shield.
You have a pair of large antennae on your head. (SInv)


Message History

The worker ant poisons you! What are your orders? t - Shout!
Orders for allies: a - Attack new target. r - Retreat! s - Stop attacking. g - Guard the area. f - Follow me.
Anything else - Cancel.
You shout for attention!
You feel sick. The worker ant bites you. What are your orders? t - Shout!
Orders for allies: a - Attack new target. r - Retreat! s - Stop attacking. g - Guard the area. f - Follow me.
Anything else - Cancel.
You shout for attention!
You feel sick. The worker ant bites you.
You die...

#.# .. { {
.. ^ { .#
###.#
###.a.#####
#..@.......
###########


You could see a worker ant.

Vanquished Creatures
  An adder (D:2)
  3 worms (D:2)
  A dart slug (D:2)
  2 giant cockroaches
  3 goblins
  3 hobgoblins (D:1)
  2 jackals (D:2)
  4 bats
  4 frilled lizards
  A kobold (D:1)
  6 rats
30 creatures vanquished.

Notes
Turn   | Place    | Note
-------+----------+-------------------------------------------
     0 | D:1      | DildoBatman the Formicid Wizard began the quest for the
                  | Orb.
     0 | D:1      | Reached XP level 1. HP: 13/13 MP: 4/4
    30 | D:1      | Reached skill level 1 in Conjurations
   324 | D:1      | Reached XP level 2. HP: 19/19 MP: 4/6
   438 | D:1      | You fall into a shaft and drop 1 floor!
  1369 | D:2      | Reached XP level 3. HP: 14/24 MP: 0/7
  1374 | D:2      | Learned a level 3 spell: Conjure Flame
  1378 | D:2      | Learned a level 3 spell: Mephitic Cloud
  2074 | D:2      | Reached XP level 4. HP: 19/30 MP: 1/8
  2077 | D:2      | You fall into a shaft and drop 2 floors!
  2086 | D:4      | Slain by a worker ant

Illustrated notes

Levels and vault maps discovered:
D:1:      minmay_arrival_stair_chambers, layout_basic, serial_rivers,
          chequers_serial_rivers_marsh, chequers_serial_rivers_small_3,
          chequers_serial_rivers_small_b, chequers_serial_rivers_marsh,
          chequers_serial_rivers_micro_c, chequers_serial_rivers_small_3
D:2:      layout_basic, kennysheep_okawaru_gauntlet, serial_forest,
          infiniplex_forest_straight_2, infiniplex_forest_lined_3,
          infiniplex_forest_clump_cross, infiniplex_forest_clump_long,
          infiniplex_forest_lined_4_way, serial_bayou_ford_a
D:4:      layout_rooms, kennysheep_opposing_triangles

Skill      XL: |  1  2  3 |
---------------+----------+-----
Conjurations   | 1 2 3 |  3.1
Dodging        | |  1.7
Stealth        | |  2.4
Spellcasting   | |  3.2
Summonings     | |  1.0
Translocations | |  0.8

Action                   |  1- 3 |  4- 6 || total
-------------------------+-------+-------++-------
Melee: Mace              |    34 |       ||    34
Throw: Stone             |     3 |       ||     3
 Cast: Magic Dart        |    90 |     1 ||    91
       Mephitic Cloud    |     1 |       ||     1
 Abil: Dig               |     6 |       ||     6
       Shaft Self        |       |     1 ||     1
  Eat: Chunk             |     4 |       ||     4
Armor: Robe              |    15 |     1 ||    16
Dodge: Dodged            |    47 |       ||    47
